 Dungeon Crawl Stone Soup version 0.31-a0-844-gdc52ec4e09 (webtiles) character file.

Game seed: 18274905787909745188

22119216 Flugkiller the Smokeless Flame (level 27, 250/250 HPs)
             Began as a Djinni Air Elementalist on Sept 28, 2023.
             Was the Champion of the Shining One.
             Escaped with the Orb
             ... and 15 runes!
             The game lasted 02:28:21 (68472 turns).

Flugkiller the Smokeless Flame (DjAE)              Turns: 68472, Time: 02:28:22

Health: 250/250    AC: 13    Str:  9    XL:     27
Gold:   10735      EV: 30    Int: 31    God:    the Shining One [******] SH: 19 Dex: 19

rFire   + + .        A - staff of air
rCold   + + .        l - +0 kite shield of Rationality {Harm *Corrode rC+ Regen+}
rNeg    + + +        Q - +1 leather armour of Twilight {Drain Fly Regen+ Int+5 SInv}
rPois   ∞            K - +0 helmet of Classification {rF+ Dex+4}
rElec   +            j - +4 dragonskin cloak
rCorr   .            d - +1 pair of gloves of Monotheism {rC+ Will+ Stlth+}
SInv    +            (boots unavailable)
Will    +++..        C - amulet of regeneration
Stlth   +            r - ring of the Mage {Wiz Archmagi}
HPRegen 3.01/turn    a - ring of ice
MPRegen 0.00/turn

%: random rage (3%), corrode self (3%), harm (+30% outgoing, +20% incoming),
wizardry (x1), archmagi
@: flying, glowing, studying 5 skills
A: sickness immunity, fire resistance 2, cold vulnerability 1, float, innate
caster, HP casting, extra vitality 1, iridescent scales 1, berserk 1, deformed
body, dopey 1, robust 1, shaggy fur 1, noise suppression
0: Orb of Zot
}: 15/15 runes: decaying, serpentine, slimy, silver, golden, iron, obsidian,
icy, bone, abyssal, demonic, glowing, magical, fiery, dark
a: Renounce Religion, Divine Shield, Cleansing Flame, Summon Divine Warrior,
Brand Weapon With Holy Wrath


You escaped.
You worshipped the Shining One.
The Shining One was exalted by your worship.
You visited 18 branches of the dungeon, and saw 88 of its levels.
You visited Pandemonium 3 times, and saw 28 of its levels.
You visited the Abyss 3 times.
You visited 1 bazaar.
You also visited: Bailey and Volcano.

You collected 12221 gold pieces.
You spent 1486 gold pieces at shops.

Inventory:

Missiles
 E - 7 throwing nets
Armour
 d - the +1 pair of gloves of Monotheism (worn) {rC+ Will+ Stlth+}
   (You found it on level 7 of the Iron City of Dis)

   rC+:       It protects you from cold.
   Will+:     It increases your willpower.
   Stlth+:    It makes you more stealthy.
 e - the +3 tower shield "Tahenuh" {Regen+ MP+9 Int+2}
   (You took it off a daeva in Pandemonium)

   Int+2:     It affects your intelligence (+2).
   MP+9:      It affects your magic capacity (+9).
   Regen+:    It increases your rate of health regeneration.
 f - the +1 pair of gloves "Naeheaf" {Regen+}
   (You found it on level 7 of the Iron City of Dis)

   Regen+:    It increases your rate of health regeneration.
 g - a scarf of harm
   (You found it on level 2 of the Dungeon)
 j - the +4 dragonskin cloak (worn)
   (You took it off Tiamat on level 3 of the Realm of Zot)

   Avatar's Aegis: It grants the wearer a chance to resist fire, cold, poison,
   electricity, acid, and negative energy.
 l - the +0 kite shield of Rationality (worn) {Harm *Corrode rC+ Regen+}
   (You acquired it on level 4 of the Dungeon)

   rC+:       It protects you from cold.
   Regen+:    It increases your rate of health regeneration.
   *Corrode:  It may corrode you when you take damage.
   Harm:      It increases damage dealt and taken.
 s - a +2 pair of gloves of dexterity
   (You found it on level 5 of the Vaults)
 J - a +2 cloak of willpower
   (You bought it in a shop on level 2 of the Orcish Mines)
 K - the +0 helmet of Classification (worn) {rF+ Dex+4}
   (You acquired it on level 3 of the Elven Halls)

   Dex+4:     It affects your dexterity (+4).
   rF+:       It protects you from fire.
 Q - the +1 leather armour of Twilight (worn) {Drain Fly Regen+ Int+5 SInv}
   (You bought it in a shop on level 2 of the Orcish Mines)

   Int+5:     It affects your intelligence (+5).
   SInv:      It lets you see invisible.
   Fly:       It grants you flight.
   Regen+:    It increases your rate of health regeneration.
   Drain:     It drains your maximum health when unequipped.
Magical Staves
 A - a staff of air (weapon)
   (You found it on level 4 of the Dungeon)
 R - a staff of conjuration
   (You found it on level 3 of the Dungeon)
Jewellery
 a - a ring of ice (right hand)
   (You found it on level 6 of the Dungeon)
 c - a +6 ring of intelligence
   (You found it on level 1 of the Swamp)
 i - the ring "Lomotur" {Wiz Dex+7}
   (You took it off an efreet in Pandemonium)

   [ring of wizardry]

   Wiz:       It improves your spell success rate.
   Dex+7:     It affects your dexterity (+7).
 m - a ring of willpower
   (You found it on level 3 of the Dungeon)
 r - the ring of the Mage (left hand) {Wiz Archmagi}
   (You took it off a deep elf demonologist on level 3 of the Elven Halls)

   [ring of wizardry]

   Wiz:       It improves your spell success rate.
   Archmagi:  It increases the power of your magical spells.
 v - a +5 ring of evasion
   (You bought it in a shop in a bazaar)
 x - the amulet of the Four Winds {rN+ Will+++ Clar}
   (You found it on level 7 of Gehenna)

   [amulet of nothing]

   rN+:       It protects you from negative energy.
   Will+++:   It greatly increases your willpower.
   Clar:      It protects you from confusion, rage, mesmerisation and fear.
 C - an amulet of regeneration (around neck)
   (You found it on level 6 of the Dungeon)
 H - the amulet of Hard Scrabble {Acrobat Harm rF++ Int-3 Slay+3}
   (You acquired it on level 3 of the Tomb of the Ancients)

   [amulet of the acrobat]

   Acrobat:   It increases your evasion while moving and waiting.
   Int-3:     It affects your intelligence (-3).
   Slay+3:    It affects your accuracy & damage with ranged weapons and melee
   (+3).
   rF++:      It greatly protects you from fire.
   Harm:      It increases damage dealt and taken.
Wands
 B - a wand of paralysis (103)
   (You found it on level 5 of the Dungeon)
 G - a wand of digging (64)
   (You found it on level 3 of the Swamp)
 N - a wand of roots (46)
   (You found it on level 2 of the Snake Pit)
 V - a wand of acid (62)
   (You found it on level 1 of the Lair of Beasts)
Scrolls
 t - 10 scrolls of teleportation
 y - 12 scrolls of vulnerability
 z - a scroll of blinking
 F - 8 scrolls of immolation
 I - 2 scrolls of revelation
 M - 8 scrolls of poison
 P - 12 scrolls of enchant armour
 T - 4 scrolls of fear
 W - 5 scrolls of butterflies
 Y - 5 scrolls of fog
Potions
 b - 5 potions of enlightenment
 h - 4 potions of haste
 k - 10 potions of mutation
 n - 4 potions of resistance
 o - 10 potions of brilliance
 q - 19 potions of curing
 u - 5 potions of lignification
 w - 4 potions of heal wounds
 D - 6 potions of attraction
 L - a potion of ambrosia
 U - 6 potions of cancellation
Miscellaneous
 p - a phial of floods
   (You found it on level 5 of the Vaults)
 Z - a phantom mirror
   (You found it on level 4 of the Swamp)


   Skills:
 O Level 27 Fighting
 - Level 14.0 Staves
 O Level 27 Dodging
 - Level 1.5 Stealth
 O Level 27 Shields
 O Level 27 Spellcasting
 O Level 27 Conjurations
 O Level 27 Hexes
 O Level 27 Summonings
 O Level 27 Necromancy
 O Level 27 Translocations
 O Level 27 Transmutations
 O Level 27 Fire Magic
 O Level 27 Ice Magic
 O Level 27 Air Magic
 O Level 27 Earth Magic
 O Level 27 Poison Magic
 O Level 27 Invocations
 + Level 11.4 Evocations


You knew the following spells:

 Your Spells              Type           Power      Damage    Failure   Level
a - Shock                 Conj/Air       100%       1d9       0%          1
b - Static Discharge      Conj/Air       100%       2-7/arc   0%          2
c - Airstrike             Air            84%        2d(13-29) 0%          4
d - Slow                  Hex            100%       N/A       0%          1
e - Lesser Beckoning      Tloc           100%       N/A       0%          2
f - Dazzling Flash        Conj/Hex       100%       N/A       0%          3
g - Manifold Assault      Tloc           100%       N/A       0%          4
h - Vhi's Electric Charg  Tloc/Air       100%       N/A       0%          4
i - Freezing Cloud        Conj/Ice/Air   97%        6-21      0%          5
j - Dispersal             Tloc           71%        N/A       0%          6
k - Conjure Ball Lightni  Conj/Air       84%        3x3d32    0%          6
l - Monstrous Menagerie   Summ           71%        N/A       0%          7
m - Summon Horrible Thin  Summ           71%        N/A       1%          8
n - Lehudib's Crystal Sp  Conj/Erth      71%        10d16     1%          8
o - Fire Storm            Conj/Fire      71%        8d18      1%          9
p - Chain Lightning       Conj/Air       84%        3d112     1%          9
w - Swiftness             Air            100%       N/A       0%          3
Your spell library was empty.

Dungeon Overview and Level Annotations

Branches:
Dungeon (15/15)            Temple (1/1) D:6            Lair (5/5) D:8
  Swamp (4/4) Lair:3        Snake (4/4) Lair:3        Slime (5/5) Lair:5
    Orc (2/2) D:11            Elf (3/3) Orc:2        Vaults (5/5) D:14
  Crypt (3/3) Vaults:3       Tomb (3/3) Crypt:3      Depths (4/4) D:15
   Hell (visited)             Dis (7/7) Hell            Geh (7/7) Hell
    Coc (7/7) Hell            Tar (7/7) Hell            Zot (5/5) Depths:4
 Bailey (visited)         Volcano (visited)

Altars:
Ashenzari
Cheibriados
Dithmenos
Elyvilon
Fedhas
Gozag
Hepliaklqana
Makhleb
Nemelex Xobeh
Okawaru
Qazlal
Ru
Trog
Uskayaw
Wu Jian
Xom
Yredelemnul
Zin
The Shining One
Jiyva

Shops:
D:3 (   D:6 [*   Orc:1 :(   Orc:2 :[[((   Elf:2 *[*   Snake:3 [=:[   Vaults:2 *

Portals:
Hell: Depths:1 Depths:2 Depths:3 Depths:4
Abyss: Depths:1 Depths:3
Pandemonium: Depths:2 Depths:3
Ziggurat: Depths:1

Annotations:
D:15 Roxanne
Lair:1 3 runed translucent doors, Jador's ghost, journeyman TeHu
Elf:2 3 runed translucent doors
Elf:3 3 runed translucent doors
Zot:3 3 runed translucent doors, Cyqimiab's ghost, legendary MfGl; Emorepp's ghost, legendary GnSk; Juzit's ghost, legendary GnFi


Innate Abilities, Weirdness & Mutations

You are immune to sickness and miasma.
You are immune to poison.
Your flesh is very heat resistant. (rF++)
You are vulnerable to cold. (rC-)
You float through the air rather than walking.
You learn spells naturally, not from books.
Your magical power is your life essence.
You have superior vitality. (+4 MHP)
You are partially covered in iridescent scales. (AC +2)
You sometimes lose your temper in combat.
Armour fits poorly on your strangely shaped body.
You are dopey. (Int -2)
You are robust. (+10% HP)
You are covered in fur. (AC +1)
You passively dampen the noise of your surroundings.


Message History

There is a stone staircase leading down here.
There is a stone staircase leading up here.
You fly upwards.
There is a stone staircase leading down here.
Things that are here:
a +0 robe; a +0 dagger Something unseen opens the door.
You sense a monster nearby.
There is a stone staircase leading up here.
You fly upwards.
There is a stone staircase leading down here.
There is a stone staircase leading up here.
You fly upwards.
There is a stone staircase leading down here.
There is a stone staircase leading up here.
You fly upwards.
There is a stone staircase leading down here.
You see here a +0 robe.
A sun demon comes into view.
A balrug and 2 sun demons come into view.
The balrug is wielding a +1 demon whip of draining.
The balrug shouts!
The sun demon shouts! x3
Casting: Lehudib's Crystal Spear (mildly dangerous; 1% risk of failure)
Confirm with . or Enter, or press ? or * to list all spells.
You can't see any susceptible monsters within range! (Use Z to cast anyway.)
The balrug gestures at you. The bolt of fire misses you.
You block the sun demon's attack.
Casting: Lehudib's Crystal Spear (mildly dangerous; 1% risk of failure)
Confirm with . or Enter, or press ? or * to list all spells.
You feel a strong surge of power! Lightning arcs from your hands!
The bolt of lightning hits the sun demon!!!!
The sun demon resists.
You kill the sun demon!
The Shining One accepts your kill.
You feel better. The bolt of lightning hits you. You resist.
The bolt of lightning hits the sun demon!!!!
The sun demon resists.
You kill the sun demon!
The Shining One accepts your kill.
The bolt of lightning hits the sun demon!!
The sun demon resists.
The sun demon is almost dead.
The bolt of lightning hits the balrug!!!!!
You kill the balrug!
The Shining One accepts your kill.
You feel better.
A cherub comes into view. It is wielding a +0 flail of flaming.
The sun demon completely misses you. You block the sun demon's attack.
The cherub unwields a +0 flail of flaming.
It stops flaming.
The cherub wields a +0 sling.
The cherub shoots a sling bullet.
You block the sling bullet.
There is a stone staircase leading up here.
You block the sun demon's attack.
You fly upwards.
There is a stone staircase leading down here.
Casting: Chain Lightning (mildly dangerous; 1% risk of failure)
Confirm with . or Enter, or press ? or * to list all spells.
You feel a strong surge of power! Lightning arcs from your hands!
The bolt of lightning hits the sun demon!!!!
The sun demon resists.
You kill the sun demon!
The Shining One accepts your kill.
You feel better. The bolt of lightning hits you! You resist.
HP restored.
A cherub comes into view.
It is wielding a +4 falchion of flaming.
The cherub's lion head roars!
A seraph and an angel come into view.
The seraph is wielding a +7 great sword of flaming.
The angel is wielding a +2 whip of holy wrath.
The seraph shouts!
The angel shouts!
The seraph shouts a warning to its allies!
The cherub unwields a +4 falchion of flaming.
It stops flaming.
The cherub wields a +1 shortbow of draining.
You sense an unholy aura.
The cherub shoots an arrow.
You block the arrow.
An angel comes into view. It is wielding a +2 whip of holy wrath.
The angel shouts!
The seraph gestures.
You see here a +0 short sword.
The cherub shoots an arrow.
The arrow closely misses you.
There is a stone staircase leading up here.
The seraph gestures.
The cherub sings a powerful hymn!
The angels go into a battle-frenzy!
The seraph gestures.
You fly upwards.
There is a stone staircase leading down here.
There is an open door here.
You see here a +0 scale mail.
There is a stone staircase leading up here.
You fly upwards.
There is a stone staircase leading down here.
You see here a hobgoblin skeleton.
There is a stone staircase leading up here.
You fly upwards.
There is a stone staircase leading down here.
There is an open door here.
There is an open door here.
There is a staircase leading out of the dungeon here.
Enter note: gg You have escaped!

.............#####.....##.......#
..........#..#.........##########
..................#'#'## ##
.............#..###.#.##########.
.........#..........#............
.........#######################.
.........# ##...# #.....# #..
#.....##.# ###..8.# #.###.# #..
#........# #.'..@.# #.....# #..
#...####.# #.#..8.# ###.### #..
#...# #.# #.##...# #'# #.. ....#
#.###.###########.######.. ...##
#......................... ..##
#.##'#####.########.####.. ..#
#.#...####'########.####.. ..#
#.#...#.......##..#.#..#.# ..#
#.#...##..>..####.#'#.##.#


There were no monsters in sight!

Vanquished Creatures
  Cerebov (Pan)
  Antaeus (Coc:7)
  the Royal Jelly (Slime:5)
  Asmodeus (Geh:7)
  Ereshkigal (Tar:7)
  Gloorx Vloq (Pan)
  the Serpent of Hell (Coc:7)
  2 seraphim
  Ignacio (Pan)
  Mnoleg (Pan)
  Lom Lobon (Pan)
  7 dread liches
  Tiamat (Zot:3)
  Khufu (Crypt:3)
  5 ancient liches
  Mennas (Crypt:3)
  5 orbs of fire
  2 juggernauts
  Sojobo (Depths:4)
  Josephina (Crypt:3)
  Boris (twice) (Depths:4 Crypt:3)
  30 royal mummies
  15 shard shrikes
  6 Killer Klowns
  Saint Roka (Depths:1)
  2 curse toes
  Frederick (Vaults:3)
  15 pandemonium lords
  Margery (Vaults:5)
  20 caustic shrikes
  Geryon (Hell)
  A pearl dragon (Pan)
  18 profane servitors
  11 bone dragons
  11 golden dragons
  4 electric golems
  15 Brimstone Fiends
  7 doom hounds
  21 Tzitzimimeh
  21 iron giants
  19 hellephants
  16 tainted leviathans
  Zenata (Elf:3)
  29 Ice Fiends
  Rupert (Lair:5)
  A walking crystal tome (Depths:2)
  33 Hell Sentinels
  7 liches
  24 tentacled monstrosities
  48 Orb Guardians
  A walking earthen tome (Depths:2)
  10 quicksilver dragons
  2 deep elf master archers (Elf:3)
  16 searing wretches
  2 tentacled starspawn (Abyss:3)
  9 acid blobs
  A deep elf blademaster (Elf:3)
  10 titans
  16 sphinxes
  6 tengu reavers
  3 thorn hunters (Swamp:4)
  14 shadow dragons
  22 Executioners
  20 ancient champions
  9 death cobs
  Donald (Elf:3)
  7 demonspawn warmongers
  15 storm dragons
  3 revenants
  20 fire giants
  Aizul (Elf:3)
  7 draconian monks
  2 fenstrider witches
  16 narguns
  10 daevas
  13 azure jellies
  11 draconian knights
  17 rockslimes
  A nagaraja (Snake:2)
  21 frost giants
  9 quicksilver elementals
  Louise (Depths:1)
  6 deep elf sorcerers
  50 balrugs
  9 ghost moths
  7 deep elf elementalists
  A spectral caustic shrike (Tar:6)
  10 shard shrike simulacra
  3 curse skulls
  2 ghouls
  4 draconian scorchers
  A spectral juggernaut (Tar:5)
  A caustic shrike zombie (Crypt:1)
  7 ironbound preservers
  4 draconian stormcallers
  3 orc warlords
  20 cacodemons
  10 vault wardens
  13 iron dragons
  3 demonspawn blood saints
  5 spriggan defenders
  20 war gargoyles
  5 demonspawn corrupters (Pan)
  7 draconian shifters
  16 reapers
  6 angels
  11 draconian annihilators
  2 ironbound thunderhulks
  8 formless jellyfish (Slime:5)
  Nessos (Lair:5)
  7 apis (Pan)
  22 very ugly things
  19 stone giants
  5 quicksilver oozes (Slime:5)
  5 ophanim (Pan)
  4 eleionomae
  31 elemental wellsprings
  10 putrid mouths
  2 vampire knights (Depths:3)
  11 lorocyprocas
  3 deep elf demonologists
  17 green draconians
  13 wendigos
  13 deep elf annihilators
  Azrael (Snake:3)
  8 yellow draconians
  A spark wasp (shapeshifter) (Depths:3)
  5 demonspawn black suns
  14 red draconians
  17 black draconians
  12 bennus
  16 purple draconians
  16 white draconians
  2 bunyips
  7 spark wasps
  2 eidola
  6 deep elf death magi
  9 dire elephants
  14 iron golems
  5 blizzard demons
  16 green deaths
  13 ettins
  3 crystal guardians (Vaults:4)
  22 mummy priests
  5 fire dragons
  3 entropy weavers
  4 jiangshi (Crypt:3)
  7 rakshasas
  13 yaktaur captains
  7 great orbs of eyes
  5 deep elf high priests
  2 spectral spriggans
  Erolcha (Orc:1)
  Harold (Lair:1)
  A spectral fenstrider witch (Tar:1)
  2 kraken zombies (Hell)
  8 salamander tyrants
  13 hydras
  10 ice dragons
  31 vault guards
  11 juggernaut simulacra
  7 stokers
  14 centaur warriors
  A spriggan zombie (Depths:3)
  3 ogre magi
  6 hell beasts
  6 spriggan air magi
  4 peacekeepers
  A spriggan skeleton (Tomb:3)
  5 ironbound frosthearts
  9 caustic shrike simulacra
  A ghost crab (Swamp:3)
  9 anacondas
  2 two-headed ogres
  11 alligators
  6 boulder beetles
  12 naga warriors
  2 death knights
  15 dancing weapons
  2 catoblepae (Lair:5)
  9 deep troll shamans
  34 hell hogs
  6 tengu warriors
  10 death yaks
  2 vampire magi
  39 death scarabs
  5 spriggan berserkers
  An orc high priest (Orc:2)
  7 shock serpents
  6 demonic crawlers (Pan)
  16 hell knights
  37 soul eaters
  12 naga sharpshooters
  A spectral dire elephant (Tar:2)
  77 sun demons
  8 deep troll earth magi
  2 spectral nagas (Tar:3)
  2 thrashing horrors
  4 deep elf knights
  4 skysharks
  12 crystal echidnas
  A titan skeleton (Tomb:2)
  6 salamander mystics
  10 shadow wraiths
  A wretched star (Abyss:3)
  5 spriggans
  A spatial maelstrom (Abyss:4)
  17 iron trolls
  41 skeletal warriors
  4 goliath frogs
  5 quicksilver dragon simulacra
  2 spriggan druids
  3 flayed ghosts
  A bunyip zombie (Tomb:2)
  4 swamp dragons
  A kraken simulacrum (Hell)
  A death drake (shapeshifter) (Depths:4)
  27 sixfirhies
  A bunyip skeleton (Pan)
  An anaconda zombie (Tomb:2)
  5 deep elf archers
  14 shadow demons
  2 cherubim
  9 bog bodies
  40 deep trolls
  An anaconda skeleton (Hell)
  4 glowing orange brains
  7 spriggan simulacra
  8 phantasmal warriors
  12 necromancers
  A fenstrider witch simulacrum (Coc:1)
  A tengu zombie (Depths:3)
  16 wizards
  A naga ritualist (Snake:3)
  2 alligator zombies (Hell)
  14 ironbound convokers
  6 lindwurms
  A jorogumo zombie (Crypt:2)
  A steelbarb worm (shapeshifter) (Vaults:5)
  18 deep elf pyromancers
  11 deep elf zephyrmancers
  4 orc sorcerers
  6 shining eyes
  9 orc knights
  5 mana vipers
  A harpy (shapeshifter) (Vaults:5)
  A worldbinder (Abyss:3)
  39 ugly things
  A frost giant zombie (Depths:3)
  20 salamanders
  A wolf spider (shapeshifter) (Vaults:5)
  6 will-o-the-wisps
  An iron dragon skeleton (Pan)
  3 manticores
  37 black mambas
  3 elephants (Lair:5)
  32 moths of wrath
  4 cyclopes
  A fire giant skeleton (Crypt:2)
  8 toenail golems
  15 vault sentinels
  Maurice (D:9)
  10 guardian serpents
  6 titan simulacra
  5 naga magi
  A guardian serpent (shapeshifter) (D:13)
  24 smoke demons
  An apocalypse crab (Abyss:3)
  6 eyes of devastation
  A gargoyle (D:14)
  6 rust devils
  An alligator snapping turtle zombie (Abyss:3)
  An ice statue (Hell)
  5 spectral swamp worms (Tar:7)
  17 cane toads
  27 orange demons
  A rime drake (Lair:5)
  40 yaktaurs
  A yaktaur zombie (Vaults:2)
  A sea snake zombie (Hell)
  5 unseen horrors
  2 bunyip simulacra (Coc:2)
  A kobold demonologist (D:12)
  18 tormentors
  5 iron giant simulacra
  5 freezing wraiths
  A yaktaur (shapeshifter) (Depths:2)
  2 golden dragon simulacra
  52 guardian mummies
  6 anaconda simulacra
  17 hellions
  8 komodo dragons
  6 efreet (Pan)
  A komodo dragon (shapeshifter) (Vaults:5)
  2 ancient zymes
  17 ice devils
  12 trolls
  A tengu conjurer (Depths:2)
  4 spectral harpies
  9 red devils
  2 bloated husks
  7 hornets
  2 silent spectres
  A tarantella (Vaults:1)
  3 tyrant leeches (Swamp:1)
  A hydra skeleton (Hell)
  28 hellwings
  4 polar bears
  A harpy skeleton (Tomb:3)
  Prince Ribbit (Bailey)
  7 dream sheep (Lair:4)
  9 saltlings (Orc:2)
  5 raiju
  27 blink frogs
  5 iron dragon simulacra
  A jumping spider (Vaults:3)
  45 flying skulls
  2 stone giant simulacra
  63 slime creatures
  22 ynoxinuls
  3 shadows
  A vampire (D:9)
  3 wyverns
  16 ushabtiu
  6 air elementals
  11 dire elephant simulacra
  37 yaks
  8 water elementals
  7 humans (Bailey)
  9 wraiths
  5 basilisks
  A sea snake simulacrum (Hell)
  2 naga simulacra
  8 fire elementals
  20 chaos spawn
  11 golden eyes
  3 redbacks
  3 steam dragons
  9 vampire mosquitoes
  12 neqoxecs
  15 harpy simulacra
  A warg (Orc:2)
  32 nagas
  A swamp worm (shapeshifter) (Vaults:5)
  12 swamp worms
  5 hell hounds
  3 acid dragons
  2 glowing shapeshifter skeletons
  Duvessa (D:4)
  4 hydra simulacra
  14 water moccasins
  5 floating eyes
  3 swamp drakes
  2 sky beasts (D:6)
  8 small abominations
  21 orc warriors
  A swamp dragon zombie (Tomb:1)
  3 ice beasts
  7 ettin simulacra
  34 large abominations
  8 black bears
  2 human zombies (Vaults:3)
  5 ogres
  26 wolves
  10 centaurs
  A dream sheep skeleton (Crypt:1)
  A kobold brigand (D:11)
  A phantom (D:6)
  3 nameless horrors
  A gnoll sergeant (D:8)
  2 glowing shapeshifter simulacra
  22 bullfrogs
  5 necrophages
  A scorpion (D:6)
  3 earth elementals
  12 wights
  Dowan (D:4)
  4 killer bees (D:8)
  10 electric eels
  3 howler monkeys
  A howler monkey (shapeshifter) (Depths:3)
  A lava snake (Lair:3)
  4 crimson imps (Pan)
  A wolf skeleton (Crypt:1)
  2 jellies (D:7)
  3 hounds
  A gnoll bouda (D:6)
  8 orc priests
  3 sleepcaps
  5 starcursed masses (Abyss:3)
  14 hell rats
  An iguana (D:4)
  13 orc wizards
  49 mummies
  18 gnolls
  8 adders
  A steam dragon skeleton (Crypt:1)
  2 shadow imps
  2 white imps (Abyss:3)
  2 ufetubi
  2 worms
  A dart slug (D:3)
  59 orcs
  5 ball pythons
  6 endoplasms
  6 giant cockroaches
  8 goblins
  12 hobgoblins
  7 jackals
  7 quokkas
  4 bats
  5 frilled lizards
  15 kobolds
  3 rats
  3 ball lightnings (Pan)
  7 creeping infernos
  12 fire vortices
  A lurking horror (Abyss:3)
  6 starspawn tentacles (Abyss:3)
  5 tentacles (Hell)
3685 creatures vanquished.

Vanquished Creatures (collateral kills)
  Dispater (Dis:7)
  A juggernaut (Dis:7)
  A royal mummy (Tomb:1)
  Boris (Vaults:3)
  A golden dragon (Vaults:3)
  Jory (Vaults:3)
  A tentacled monstrosity (Swamp:4)
  A Hell Sentinel (Dis:7)
  2 tentacled starspawn (Abyss:3)
  A sphinx (Vaults:4)
  3 vault wardens
  2 deep elf sorcerers (Elf:3)
  A deep elf elementalist (Elf:3)
  8 ironbound preservers
  5 dire elephants
  A green death (Swamp:4)
  An entropy weaver (Vaults:3)
  A great orb of eyes (Vaults:4)
  A yaktaur captain (Vaults:4)
  2 vault guards
  6 hydras (Swamp:4)
  A ghost crab (Swamp:4)
  5 dancing weapons
  A deep elf knight (Elf:1)
  A thrashing horror (Swamp:4)
  A spriggan (Swamp:4)
  A sixfirhy (Pan)
  A sun demon (Abyss:3)
  10 deep trolls
  A swamp dragon (Swamp:4)
  A wizard (Vaults:3)
  A lindwurm (Vaults:3)
  An ironbound convoker (Vaults:4)
  7 deep elf pyromancers
  A necromancer (Vaults:2)
  3 deep elf zephyrmancers (Elf:1)
  A shining eye (Slime:2)
  2 human zombies (Vaults:2)
  7 ugly things
  2 starcursed masses (Abyss:3)
  5 vault sentinels
  4 yaktaurs
  2 large abominations
  A hornet (Swamp:4)
  A raiju (shapeshifter) (Elf:1)
  A raiju (Abyss:3)
  A jumping spider (Vaults:3)
  4 slime creatures
  2 shadows (Swamp:4)
  A neqoxec (Pan)
  A fire elemental (Elf:3)
  2 redbacks
  2 chaos spawn
  A warg (Depths:1)
  A swamp worm (Swamp:4)
  A small abomination (Abyss:3)
  A floating eye (Pan)
  An orc (Depths:1)
122 creatures vanquished.

Vanquished Creatures (others)
  A draconian shifter (Zot:3)
  A wendigo (Coc:7)
  3 caustic shrike simulacra
  A peacekeeper (Vaults:3)
  2 soul eaters (Pan)
  A deep elf archer (Elf:1)
  A vault sentinel (Vaults:4)
  A hellion (Tomb:2)
  An anaconda simulacrum (Coc:2)
  A chaos spawn (Tomb:3)
  2 hydra simulacra
  A human (D:10)
  A naga simulacrum (Coc:7)
  An orc priest (Depths:1)
  An orc wizard (Depths:1)
  A hell rat (Hell)
  2 orcs (Depths:1)
  27 ball lightnings
  2 creeping infernos
  146 fire vortices
  8 foxfires
  17 starspawn tentacles (Abyss:3)
  8 tentacles (Hell)
230 creatures vanquished.

Grand Total: 4037 creatures vanquished

Notes
Turn   | Place    | Note
-------+----------+-------------------------------------------
     0 | D:1      | Flugkiller the Djinni Air Elementalist began the quest for
                  | the Orb.
     0 | D:1      | Flugkiller set off with the following spells memorised:
                  | Shock, Static Discharge, Swiftness, Airstrike.
     0 | D:1      | Reached XP level 1. HP: 15/15 MP: 0/0
   155 | D:1      | Found a faded altar of an unknown god.
   321 | D:1      | Reached XP level 2. HP: 21/22 MP: 0/0
   342 | D:1      | Reached skill level 1 in Fighting
   677 | D:2      | Reached XP level 3. HP: 19/27 MP: 0/0
   677 | D:2      | Learned a level 1 spell: Slow
  1038 | D:2      | Reached XP level 4. HP: 29/33 MP: 0/0
  1275 | D:3      | Found Ishriudu's Weapon Boutique.
  1767 | D:3      | Found an iron altar of Okawaru.
  1825 | D:3      | Reached XP level 5. HP: 37/38 MP: 0/0
  1825 | D:3      | Learned a level 2 spell: Lesser Beckoning
  2164 | D:4      | Noticed an ogre
  2168 | D:4      | Killed an ogre
  2169 | D:4      | Reached XP level 6. HP: 33/43 MP: 0/0
  2250 | D:4      | Reached skill level 5 in Spellcasting
  2250 | D:4      | Reached skill level 5 in Conjurations
  2250 | D:4      | Reached skill level 5 in Hexes
  2250 | D:4      | Reached skill level 5 in Summonings
  2250 | D:4      | Reached skill level 5 in Necromancy
  2250 | D:4      | Reached skill level 5 in Translocations
  2250 | D:4      | Reached skill level 5 in Transmutations
  2250 | D:4      | Reached skill level 5 in Fire Magic
  2250 | D:4      | Reached skill level 5 in Ice Magic
  2250 | D:4      | Reached skill level 5 in Air Magic
  2250 | D:4      | Reached skill level 5 in Earth Magic
  2250 | D:4      | Reached skill level 5 in Poison Magic
  2306 | D:4      | Noticed Duvessa
  2345 | D:4      | Killed Duvessa
  2355 | D:4      | Noticed Dowan
  2357 | D:4      | Killed Dowan
  2358 | D:4      | Reached XP level 7. HP: 36/49 MP: 0/0
  2358 | D:4      | Learned a level 3 spell: Dazzling Flash
  2500 | D:4      | Found a sparkling altar of Nemelex Xobeh.
  2654 | D:4      | Found a glowing silver altar of Zin.
  2804 | D:4      | Identified a scroll of acquirement
  2808 | D:4      | Acquired the +0 kite shield of Rationality {Harm *Corrode
                  | rC+ Regen+}
  2828 | D:5      | Entered Level 5 of the Dungeon
  3112 | D:5      | Reached XP level 8. HP: 36/54 MP: 0/0
  3219 | D:5      | Identified the +1 cloak of Insatiable Hunger {+Blink Str+3
                  | Int-5 Stlth+}
  3788 | D:6      | Found Qinuilanos's Antique Armour Boutique.
  3841 | D:6      | Found a broken altar of Ashenzari.
  3842 | D:6      | Found a basalt altar of Yredelemnul.
  3843 | D:6      | Found a hazy altar of Hepliaklqana.
  3850 | D:6      | Found a staircase to the Ecumenical Temple.
  3857 | Temple   | Entered the Ecumenical Temple
  3881 | Temple   | Became a worshipper of the Shining One
  4255 | D:6      | Reached XP level 9. HP: 54/58 MP: 0/0
  4255 | D:6      | Learned a level 4 spell: Manifold Assault
  4255 | D:6      | Found Ubepsexy's Fire Supplies.
  4399 | D:6      | Found a hide-covered altar of Uskayaw.
  5139 | D:7      | Reached * piety under the Shining One
  5280 | D:7      | Noticed a komodo dragon
  5285 | D:7      | Killed a komodo dragon
  5297 | D:7      | Reached skill level 10 in Spellcasting
  5297 | D:7      | Reached skill level 10 in Conjurations
  5297 | D:7      | Reached skill level 10 in Hexes
  5297 | D:7      | Reached skill level 10 in Summonings
  5297 | D:7      | Reached skill level 10 in Necromancy
  5297 | D:7      | Reached skill level 10 in Translocations
  5297 | D:7      | Reached skill level 10 in Transmutations
  5297 | D:7      | Reached skill level 10 in Fire Magic
  5297 | D:7      | Reached skill level 10 in Ice Magic
  5297 | D:7      | Reached skill level 10 in Air Magic
  5297 | D:7      | Reached skill level 10 in Earth Magic
  5297 | D:7      | Reached skill level 10 in Poison Magic
  5299 | D:7      | Reached XP level 10. HP: 60/64 MP: 0/0
  5306 | D:7      | Noticed a boulder beetle
  5318 | D:7      | Killed a boulder beetle
  5502 | D:8      | Found a flagged portal.
  5515 | Bailey   | Entered a bailey
  5626 | Bailey   | Noticed a vault guard
  5636 | Bailey   | Killed a vault guard
  5663 | Bailey   | Noticed a vault guard
  5663 | Bailey   | Noticed Prince Ribbit
  5673 | Bailey   | Killed a vault guard
  5674 | Bailey   | Reached XP level 11. HP: 57/68 MP: 0/0
  5674 | Bailey   | Learned a level 4 spell: Vhi's Electric Charge
  5676 | Bailey   | Killed Prince Ribbit
  5850 | D:8      | Found a staircase to the Lair.
  5963 | D:8      | Reached ** piety under the Shining One
  6645 | D:9      | Noticed an orc sorcerer
  6647 | D:9      | Killed an orc sorcerer
  6747 | D:9      | Noticed Maurice
  6749 | D:9      | Killed Maurice
  7240 | D:10     | Entered Level 10 of the Dungeon
  7278 | D:10     | Noticed a skeletal warrior
  7280 | D:10     | Noticed a skeletal warrior
  7280 | D:10     | Noticed a skeletal warrior
  7377 | D:10     | Found a blossoming altar of Fedhas.
  8218 | D:11     | Reached *** piety under the Shining One
  8229 | D:11     | Reached XP level 12. HP: 64/74 MP: 0/0
  8518 | D:11     | Found a staircase to the Orcish Mines.
  9082 | Lair:1   | Entered Level 1 of the Lair of Beasts
  9118 | Lair:1   | Found a runed translucent gate.
  9118 | Lair:1   | Found a runed translucent gate.
  9119 | Lair:1   | Found a runed translucent gate.
  9119 | Lair:1   | Noticed a glowing orange brain
  9120 | Lair:1   | Noticed Jador's ghost (journeyman TeHu)
  9122 | Lair:1   | Found a viscous altar of Jiyva.
  9224 | Lair:1   | Noticed Harold
  9238 | Lair:1   | Killed Harold
  9968 | Lair:2   | Reached skill level 15 in Spellcasting
  9968 | Lair:2   | Reached skill level 15 in Conjurations
  9968 | Lair:2   | Reached skill level 15 in Hexes
  9968 | Lair:2   | Reached skill level 15 in Summonings
  9968 | Lair:2   | Reached skill level 15 in Necromancy
  9968 | Lair:2   | Reached skill level 15 in Translocations
  9968 | Lair:2   | Reached skill level 15 in Transmutations
  9968 | Lair:2   | Reached skill level 15 in Fire Magic
  9968 | Lair:2   | Reached skill level 15 in Ice Magic
  9968 | Lair:2   | Reached skill level 15 in Air Magic
  9968 | Lair:2   | Reached skill level 15 in Earth Magic
  9968 | Lair:2   | Reached skill level 15 in Poison Magic
  9971 | Lair:2   | Noticed a skyshark
  9974 | Lair:2   | Killed a skyshark
 10082 | Lair:2   | Reached XP level 13. HP: 77/78 MP: 0/0
 10082 | Lair:2   | Learned a level 5 spell: Freezing Cloud
 10233 | Lair:2   | Reached skill level 1 in Shields
 10879 | Lair:3   | Reached **** piety under the Shining One
 10908 | Lair:3   | Reached skill level 5 in Dodging
 10939 | Lair:3   | Reached skill level 5 in Fighting
 11105 | Lair:3   | Reached skill level 5 in Shields
 11166 | Lair:3   | Found a staircase to the Snake Pit.
 11339 | Lair:3   | Found a staircase to the Swamp.
 11760 | Lair:4   | Reached ***** piety under the Shining One
 11870 | Lair:4   | Reached XP level 14. HP: 75/94 MP: 0/0
 11910 | Lair:4   | Identified the +5 war axe of Cuarhol {heavy, rF+ rN+ rCorr
                  | Dex-4 Stlth+}
 11958 | Lair:4   | You are sucked into a shaft and drop 1 floor!
 11958 | Lair:5   | Entered Level 5 of the Lair of Beasts
 12005 | Lair:5   | Found the +8 whip "Snakebite" {venom, curare, rPois}
 12575 | Lair:5   | Found a runed translucent door.
 12576 | Lair:5   | Found a viscous altar of Jiyva.
 12576 | Lair:5   | Noticed an azure jelly
 12578 | Lair:5   | Noticed an azure jelly
 12636 | Lair:5   | Noticed Rupert
 12640 | Lair:5   | Was placed under penance by the Shining One
 12649 | Lair:5   | Killed Rupert
 12838 | Lair:5   | Reached skill level 10 in Dodging
 12944 | Lair:5   | Reached XP level 15. HP: 83/107 MP: 0/0
 12944 | Lair:5   | Learned a level 6 spell: Dispersal
 13034 | Lair:5   | Reached skill level 10 in Fighting
 13143 | Lair:5   | Noticed Nessos
 13151 | Lair:5   | Killed Nessos
 13178 | Lair:5   | Reached skill level 1 in Invocations
 13178 | Lair:5   | Reached skill level 1 in Evocations
 13369 | Lair:5   | Found a staircase to the Slime Pits.
 14136 | D:12     | Was forgiven by the Shining One
 15037 | D:13     | Reached skill level 5 in Invocations
 15037 | D:13     | Reached skill level 5 in Evocations
 15976 | D:14     | You are sucked into a shaft and drop 1 floor!
 15976 | D:15     | Entered Level 15 of the Dungeon
 16038 | Abyss:2  | Cast into level 2 of the Abyss (a wizard)
 16052 | Abyss:2  | Found a corrupted altar of Lugonu.
 16077 | Abyss:3  | Found a transporter.
 16163 | Abyss:3  | Noticed a black draconian knight
 16166 | Abyss:3  | Noticed a black draconian knight
 16167 | Abyss:3  | Noticed a red draconian scorcher
 16179 | Abyss:3  | Noticed a daeva
 16179 | Abyss:3  | Noticed a shadow dragon
 16179 | Abyss:3  | Noticed a daeva
 16185 | Abyss:3  | Got an abyssal rune of Zot
 16235 | Abyss:3  | Noticed a tentacled starspawn
 16253 | Abyss:3  | Killed a tentacled starspawn
 16346 | Abyss:3  | Noticed a tentacled starspawn
 16356 | Abyss:3  | Killed a tentacled starspawn
 16357 | Abyss:3  | Reached XP level 16. HP: 111/113 MP: 0/0
 16569 | Abyss:3  | Reached ****** piety under the Shining One
 16612 | Abyss:3  | Noticed a bone dragon
 16634 | Abyss:3  | Found a corrupted altar of Lugonu.
 16636 | Abyss:3  | Noticed a bone dragon
 16769 | Abyss:3  | Noticed a tentacled starspawn
 16781 | Abyss:3  | Found a corrupted altar of Lugonu.
 16786 | Abyss:3  | Noticed a tentacled monstrosity
 17007 | Abyss:3  | Noticed a tentacled starspawn
 17061 | Abyss:3  | Noticed a tentacled starspawn
 17062 | Abyss:3  | Killed a tentacled starspawn
 17066 | Abyss:3  | Killed a tentacled starspawn
 17127 | Abyss:3  | Noticed a daeva
 17218 | D:15     | Escaped the Abyss
 17241 | D:15     | Found a flickering gateway to a bazaar.
 17269 | Bazaar   | Entered a bazaar
 17308 | Bazaar   | Found Jesuong's Jewellery Boutique.
 17312 | Bazaar   | Found Haich's Armour Boutique.
 17312 | Bazaar   | Found Kethuj's Jewellery Boutique.
 17313 | Bazaar   | Found Giduk's General Store.
 17318 | Bazaar   | Bought a scroll of teleportation for 48 gold pieces
 17318 | Bazaar   | Bought a scroll of teleportation for 48 gold pieces
 17318 | Bazaar   | Bought a potion of heal wounds for 80 gold pieces
 17346 | Bazaar   | Bought a +5 ring of evasion for 648 gold pieces
 17413 | D:15     | Noticed Roxanne
 17477 | D:15     | Found a white marble altar of Elyvilon.
 17903 | D:14     | Found a gate to the Vaults.
 18609 | D:15     | Found a staircase to the Depths.
 18843 | Orc:1    | Entered Level 1 of the Orcish Mines
 18843 | Orc:1    | Found Gaaritz's Weapon Shop.
 18872 | Orc:1    | Noticed Erolcha
 18877 | Orc:1    | Killed Erolcha
 18939 | Orc:1    | Found Henkuggu's Book Shop.
 19120 | Orc:2    | Entered Level 2 of the Orcish Mines
 19132 | Orc:2    | Reached XP level 17. HP: 104/119 MP: 0/0
 19132 | Orc:2    | Learned a level 6 spell: Conjure Ball Lightning
 19199 | Orc:2    | Found a staircase to the Elven Halls.
 19203 | Orc:2    | Found Rydaij's Book Emporium.
 19407 | Orc:2    | Found a dark tunnel.
 19418 | Volcano  | Entered a volcano
 19430 | Volcano  | Reached skill level 10 in Invocations
 20257 | Orc:2    | Found Vasupri's Antique Weapon Shoppe.
 20390 | Orc:2    | Found Puiphimp's Weapon Shoppe.
 20416 | Orc:2    | Found Ledir's Antique Armour Shop.
 20602 | Orc:2    | Found Bies's Armour Shoppe.
 20611 | Orc:2    | Bought a +2 cloak of willpower for 258 gold pieces
 20653 | Orc:2    | Bought a smelly leather armour for 126 gold pieces
 20653 | Orc:2    | Identified the +1 leather armour of Twilight {Drain Fly
                  | Regen+ Int+5 SInv} (You bought it in a shop on level 2 of
                  | the Orcish Mines)
 20881 | Snake:1  | Entered Level 1 of the Snake Pit
 21411 | Snake:1  | Identified the +6 dagger "Wimielistria" {drain, *Rage rPois
                  | rF++ Int+3}
 22282 | Snake:2  | Found a shimmering altar of Xom.
 22292 | Snake:2  | Identified the +0 chain mail of the Lair of Beasts {Str+3
                  | Int-3 Dex+3}
 22793 | Snake:3  | Noticed Azrael
 22839 | Snake:3  | Killed Azrael
 22928 | Snake:3  | Found Yskot's Antique Armour Shop.
 22933 | Snake:3  | Found Lucumen's Book Boutique.
 22933 | Snake:3  | Found Numpifoc's Jewellery Shop.
 22938 | Snake:3  | Reached XP level 18. HP: 119/124 MP: 0/0
 22990 | Snake:3  | Found Tihiaps's Antique Armour Boutique.
 23452 | Snake:4  | Entered Level 4 of the Snake Pit
 24612 | Snake:4  | Got a serpentine rune of Zot
 24801 | Swamp:1  | Entered Level 1 of the Swamp
 24902 | Swamp:1  | Reached XP level 19. HP: 126/134 MP: 0/0
 24902 | Swamp:1  | Learned a level 7 spell: Monstrous Menagerie
 25064 | Swamp:1  | Found a basalt altar of Yredelemnul.
 25102 | Swamp:1  | Identified the +1 leather armour of Limited Liability {MP+9
                  | Dex+5}
 26140 | Swamp:4  | Entered Level 4 of the Swamp
 26610 | Swamp:4  | Noticed a tentacled monstrosity
 26616 | Swamp:4  | Killed a tentacled monstrosity
 26640 | Swamp:4  | Got a decaying rune of Zot
 26717 | Swamp:4  | Noticed a tentacled monstrosity
 26725 | Swamp:4  | Killed a tentacled monstrosity
 27171 | Elf:1    | Entered Level 1 of the Elven Halls
 27173 | Elf:1    | Identified the ring of Cypnuc {rN+ Int+2}
 27306 | Elf:1    | Reached XP level 20. HP: 126/144 MP: 0/0
 27992 | Elf:2    | Found Yforrem's Antique Armour Shop.
 28060 | Elf:2    | Found Moxal's Assorted Antiques.
 28063 | Elf:2    | Bought a scroll of blinking for 142 gold pieces
 28112 | Elf:2    | Found a runed translucent gate.
 28113 | Elf:2    | Found a runed translucent gate.
 28113 | Elf:2    | Found a runed translucent gate.
 28431 | Elf:2    | Found Yconloib's Assorted Antiques.
 28500 | Elf:2    | Bought a fine robe for 136 gold pieces
 28500 | Elf:2    | Identified the +0 robe "Quekkak" {rElec} (You bought it in
                  | a shop on level 2 of the Elven Halls)
 28636 | Elf:3    | Entered Level 3 of the Elven Halls
 28684 | Elf:3    | Acquired the +0 helmet of Classification {rF+ Dex+4}
 28730 | Elf:3    | Noticed Zenata
 28917 | Elf:3    | Noticed Aizul
 29055 | Elf:3    | Paralysed by an air elemental for 1 turns
 29113 | Elf:3    | Killed Zenata
 29282 | Elf:3    | Killed Aizul
 29340 | Elf:3    | Found a runed translucent gate.
 29341 | Elf:3    | Found a runed translucent gate.
 29342 | Elf:3    | Found a runed translucent gate.
 29420 | Abyss:4  | Cast into level 4 of the Abyss (a deep elf sorcerer)
 29507 | Elf:3    | Escaped the Abyss
 29520 | Elf:3    | Noticed a Hell Sentinel
 29531 | Elf:3    | Noticed Donald
 29535 | Elf:3    | Killed Donald
 29905 | Elf:3    | Reached XP level 21. HP: 150/152 MP: 0/0
 29905 | Elf:3    | Learned a level 8 spell: Summon Horrible Things
 29916 | Elf:3    | Identified the +0 robe of the Forest {Dex+3}
 29998 | Elf:3    | Identified the ring "Pumyugg" {Will+ Int-2 Slay+4 Stlth+}
 30165 | Elf:3    | Identified the +0 fire dragon scales of the Vaults {rF++
                  | rC- Will- Regen+ Dex+9 Stlth+}
 30513 | Vaults:1 | Entered Level 1 of the Vaults
 32168 | Vaults:2 | Reached skill level 15 in Invocations
 32999 | Vaults:2 | Found Ahouney's Assorted Antiques.
 33027 | Vaults:2 | Reached XP level 22. HP: 138/158 MP: 0/0
 33193 | Vaults:3 | Noticed Frederick
 33201 | Vaults:3 | Killed Frederick
 33381 | Vaults:3 | Found a staircase to the Crypt.
 33381 | Vaults:3 | Found a basalt altar of Yredelemnul.
 33428 | Vaults:3 | Noticed Jory
 33447 | Vaults:3 | Killed Jory
 33783 | Vaults:3 | Noticed Boris
 33794 | Vaults:3 | Killed Boris
 34168 | Vaults:3 | Identified the +2 short sword "Grum" {heavy, Int+6 Dex+2}
 34179 | Vaults:3 | Noticed a golden dragon
 34237 | Vaults:3 | Killed a golden dragon
 34297 | Vaults:3 | Identified the staff of Generosity {rPois rF+ Dex+3 Fire}
 34307 | Vaults:3 | Identified the ring of No Interval {rN+ Will+ Str-4 Slay+6
                  | Stlth+}
 34485 | Vaults:4 | Found Dumpuis's Distillery.
 35143 | Vaults:4 | Found the +11 Singing Sword {sonic wave}
 35411 | Vaults:4 | Reached XP level 23. HP: 158/164 MP: 0/0
 35411 | Vaults:4 | Learned a level 8 spell: Lehudib's Crystal Spear
 35772 | Depths:1 | Entered Level 1 of the Depths
 35772 | Depths:1 | Noticed Louise
 35785 | Depths:1 | Killed Louise
 35789 | Depths:1 | Found a one-way gate to the infinite horrors of the Abyss.
 35888 | Depths:1 | Noticed Saint Roka
 35934 | Depths:1 | Killed Saint Roka
 35935 | Depths:1 | Reached skill level 15 in Dodging
 36094 | Depths:1 | Found a one-way gateway to a ziggurat.
 36342 | Depths:1 | Found a gateway to Hell.
 36359 | Depths:1 | Found a stormy altar of Qazlal.
 36583 | Depths:1 | Reached skill level 15 in Fighting
 37142 | Depths:2 | Found a one-way gate leading to the halls of Pandemonium.
 37332 | Depths:2 | Found an ornate altar of the Wu Jian Council.
 37332 | Depths:2 | Found a hide-covered altar of Uskayaw.
 37333 | Depths:2 | Found a bloodstained altar of Trog.
 37449 | Depths:2 | Noticed a caustic shrike
 37456 | Depths:2 | Killed a caustic shrike
 37496 | Depths:2 | Noticed a golden dragon
 37502 | Depths:2 | Killed a golden dragon
 37684 | Depths:2 | Reached skill level 10 in Shields
 37808 | Depths:2 | Reached XP level 24. HP: 162/175 MP: 0/0
 37817 | Depths:2 | Noticed a golden dragon
 37825 | Depths:2 | Killed a golden dragon
 37927 | Depths:2 | Noticed a golden dragon
 37934 | Depths:2 | Killed a golden dragon
 37964 | Depths:2 | Found the +0 mask of the Dragon {Will+ Slay+3 SInv}
 37976 | Depths:2 | Identified the +3 demon whip of the Heavens {venom, rF-
                  | Will+ rCorr}
 37979 | Depths:2 | Identified the +0 long sword of Zeud Biamou {heavy, rF+}
 37986 | Depths:2 | Identified the +3 war axe of Fekhlac {elec, rC+ Dex+3}
 38279 | Depths:3 | Noticed a golden dragon
 38316 | Depths:3 | Killed a golden dragon
 38506 | Depths:3 | Noticed a juggernaut
 38514 | Depths:3 | Killed a juggernaut
 39251 | Depths:4 | Entered Level 4 of the Depths
 39355 | Depths:4 | Noticed Sojobo
 39358 | Depths:4 | Noticed Boris
 39362 | Depths:4 | Killed Sojobo
 39382 | Depths:4 | Killed Boris
 39461 | Depths:4 | Reached XP level 25. HP: 184/186 MP: 0/0
 39461 | Depths:4 | Learned a level 9 spell: Fire Storm
 39522 | Depths:4 | Found a gate to the Realm of Zot.
 39672 | Depths:4 | Found a broken altar of Ashenzari.
 40678 | Slime:1  | Entered Level 1 of the Pits of Slime
 40832 | Slime:5  | Entered Level 5 of the Pits of Slime
 41079 | Slime:5  | Noticed the Royal Jelly
 41231 | Slime:5  | Found a viscous altar of Jiyva.
 41268 | Slime:5  | Killed the Royal Jelly
 41354 | Slime:5  | Found the +8 Wrath of Trog {antimagic, *Rage Rampage}
 41356 | Slime:5  | Identified the +11 hand cannon of Dabaus {heavy, rElec
                  | rPois Dex-2}
 41369 | Slime:5  | Identified the ring of Circularity {rC- Str+6 SInv}
 41387 | Slime:5  | Identified the +1 falchion "Qimef" {drain, Will+}
 41416 | Slime:5  | Identified the amulet of Ughydow {RegenMP Fragile Str+4
                  | Int+2}
 41441 | Slime:5  | Got a slimy rune of Zot
 43138 | Vaults:5 | Entered Level 5 of the Vaults
 43187 | Vaults:5 | Noticed a dread lich
 43194 | Vaults:5 | Killed a dread lich
 43210 | Vaults:5 | Reached XP level 26. HP: 156/195 MP: 0/0
 43973 | Vaults:5 | Noticed a dread lich
 43995 | Vaults:5 | Killed a dread lich
 44089 | Vaults:5 | Got a silver rune of Zot
 44342 | Vaults:5 | Noticed Margery
 44347 | Vaults:5 | Killed Margery
 44802 | Zot:1    | Entered Level 1 of the Realm of Zot
 45537 | Zot:1    | Reached XP level 27. HP: 196/201 MP: 0/0
 45537 | Zot:1    | Learned a level 9 spell: Chain Lightning
 45960 | Zot:2    | Noticed a Killer Klown
 46159 | Zot:2    | Killed a Killer Klown
 46512 | Zot:2    | Reached skill level 27 in Fire Magic
 46878 | Zot:3    | Found the +4 dragonskin cloak
 46878 | Zot:3    | Noticed Tiamat
 46911 | Zot:3    | Killed Tiamat
 47162 | Zot:3    | Noticed a Killer Klown
 47169 | Zot:3    | Killed a Killer Klown
 47234 | Zot:3    | Found a runed translucent gate.
 47234 | Zot:3    | Found a runed translucent gate.
 47235 | Zot:3    | Found a runed translucent gate.
 47252 | Zot:3    | Noticed Emorepp's ghost (legendary GnSk)
 47252 | Zot:3    | Noticed Juzit's ghost (legendary GnFi)
 47252 | Zot:3    | Noticed Cyqimiab's ghost (legendary MfGl)
 47827 | Zot:4    | Noticed an orb of fire
 47827 | Zot:4    | Gained mutation: Armour fits poorly on your strangely
                  | shaped body. [an orb of fire]
 47830 | Zot:4    | Killed an orb of fire
 48369 | Zot:5    | Entered Level 5 of the Realm of Zot
 48740 | Zot:5    | Noticed a dread lich
 48750 | Zot:5    | Killed a dread lich
 48847 | Zot:5    | Noticed a dread lich
 48847 | Zot:5    | Noticed an orb of fire
 48847 | Zot:5    | Noticed an orb of fire
 48848 | Zot:5    | Noticed a Killer Klown
 48849 | Zot:5    | Noticed a dread lich
 48849 | Zot:5    | Gained mutation: You are very vulnerable to cold. (rC--)
                  | [an orb of fire]
 48851 | Zot:5    | Noticed an ancient lich
 48851 | Zot:5    | Noticed a Killer Klown
 48851 | Zot:5    | Gained mutation: You occasionally shout uncontrollably at
                  | your foes. [an orb of fire]
 48852 | Zot:5    | Killed an orb of fire
 48853 | Zot:5    | Killed a dread lich
 48854 | Zot:5    | Killed a Killer Klown
 48855 | Zot:5    | Killed an orb of fire
 48855 | Zot:5    | Killed an ancient lich
 48855 | Zot:5    | Killed a dread lich
 48855 | Zot:5    | Killed a Killer Klown
 48873 | Zot:5    | Noticed a Killer Klown
 48876 | Zot:5    | Killed a Killer Klown
 48880 | Zot:5    | Noticed an orb of fire
 48883 | Zot:5    | Noticed an orb of fire
 48884 | Zot:5    | Noticed a Killer Klown
 48885 | Zot:5    | Killed an orb of fire
 48939 | Zot:5    | Gained mutation: You occasionally lose the ability to read
                  | scrolls when taking damage. [an orb of fire]
 48941 | Zot:5    | Gained mutation: Your body sometimes deteriorates upon
                  | taking damage. [an orb of fire]
 48943 | Zot:5    | Killed an orb of fire
 49054 | Zot:5    | Killed a Killer Klown
 49067 | Zot:5    | Noticed an ancient lich
 49068 | Zot:5    | Noticed an ancient lich
 49070 | Zot:5    | Killed an ancient lich
 49071 | Zot:5    | Reached skill level 27 in Spellcasting
 49071 | Zot:5    | Reached skill level 27 in Conjurations
 49071 | Zot:5    | Reached skill level 27 in Hexes
 49071 | Zot:5    | Reached skill level 27 in Summonings
 49071 | Zot:5    | Reached skill level 27 in Necromancy
 49071 | Zot:5    | Reached skill level 27 in Translocations
 49071 | Zot:5    | Reached skill level 27 in Transmutations
 49071 | Zot:5    | Reached skill level 27 in Ice Magic
 49071 | Zot:5    | Reached skill level 27 in Air Magic
 49071 | Zot:5    | Reached skill level 27 in Earth Magic
 49071 | Zot:5    | Reached skill level 27 in Poison Magic
 49073 | Zot:5    | Killed an ancient lich
 49472 | Depths:3 | Lost mutation: You occasionally shout uncontrollably at
                  | your foes. [potion of mutation]
 49472 | Depths:3 | Lost mutation: Armour fits poorly on your strangely shaped
                  | body. [potion of mutation]
 49472 | Depths:3 | Gained mutation: You have a pair of small horns on your
                  | head. [potion of mutation]
 49473 | Depths:3 | Lost mutation: You are very vulnerable to cold. (rC--)
                  | [potion of mutation]
 49473 | Depths:3 | Lost mutation: You have a pair of small horns on your head.
                  | [potion of mutation]
 49473 | Depths:3 | Gained mutation: Your muscles are strong. (Str +4, Int/Dex
                  | -1) [potion of mutation]
 49473 | Depths:3 | Gained mutation: Your body often deteriorates upon taking
                  | damage. [potion of mutation]
 49473 | Depths:3 | Gained mutation: You have sharp fingernails. [potion of
                  | mutation]
 49474 | Depths:3 | Lost mutation: Your body often deteriorates upon taking
                  | damage. [potion of mutation]
 49474 | Depths:3 | Lost mutation: Your body sometimes deteriorates upon taking
                  | damage. [potion of mutation]
 49474 | Depths:3 | Lost mutation: You have sharp fingernails. [potion of
                  | mutation]
 49474 | Depths:3 | Gained mutation: You are robust. (+10% HP) [potion of
                  | mutation]
 49474 | Depths:3 | Gained mutation: You are somewhat resistant to further
                  | mutation. [potion of mutation]
 49475 | Depths:3 | Lost mutation: You occasionally lose the ability to read
                  | scrolls when taking damage. [potion of mutation]
 49475 | Depths:3 | Lost mutation: You are somewhat resistant to further
                  | mutation. [potion of mutation]
 49475 | Depths:3 | Lost mutation: Your muscles are strong. (Str +4, Int/Dex
                  | -1) [potion of mutation]
 49475 | Depths:3 | Gained mutation: Your spells are a little easier to cast,
                  | but a little less powerful. [potion of mutation]
 49475 | Depths:3 | Gained mutation: You passively dampen the noise of your
                  | surroundings. [potion of mutation]
 49475 | Depths:3 | Gained mutation: You are agile. (Dex +4, Str/Int -1)
                  | [potion of mutation]
 49476 | Depths:3 | Lost mutation: Your spells are a little easier to cast, but
                  | a little less powerful. [potion of mutation]
 49476 | Depths:3 | Lost mutation: You are agile. (Dex +4, Str/Int -1) [potion
                  | of mutation]
 49476 | Depths:3 | Gained mutation: You are partially covered in iridescent
                  | scales. (AC +2) [potion of mutation]
 49476 | Depths:3 | Gained mutation: You are covered in fur. (AC +1) [potion of
                  | mutation]
 49476 | Depths:3 | Gained mutation: You sometimes lose your temper in combat.
                  | [potion of mutation]
 49476 | Depths:3 | Gained mutation: You are partially covered in large bone
                  | plates. (SH +4) [potion of mutation]
 49493 | Pan      | Entered Pandemonium
 49675 | Pan      | Noticed Etion the pandemonium lord
 49683 | Pan      | Killed Etion the pandemonium lord
 49708 | Pan      | Found a runed translucent door.
 49778 | Pan      | Got a demonic rune of Zot
 49806 | Pan      | Found a runed translucent door.
 49810 | Depths:3 | Escaped Pandemonium
 49812 | Pan      | Entered Pandemonium
 49896 | Pan      | Lost mutation: You are partially covered in large bone
                  | plates. (SH +4) [a cacodemon]
 49979 | Pan      | Noticed Onocsog the pandemonium lord
 49983 | Pan      | Killed Onocsog the pandemonium lord
 50120 | Pan      | Found an exit through the horrors of the Abyss.
 50165 | Pan      | Noticed Laekh the pandemonium lord
 50169 | Pan      | Killed Laekh the pandemonium lord
 50183 | Depths:3 | Escaped Pandemonium
 50185 | Pan      | Entered the realm of Mnoleg.
 50185 | Pan      | Entered Pandemonium
 50231 | Pan      | Gained mutation: Armour fits poorly on your strangely
                  | shaped body. [a shining eye]
 50299 | Pan      | Noticed Mnoleg
 50305 | Pan      | Killed Mnoleg
 50336 | Pan      | Got a glowing rune of Zot
 50439 | Pan      | Gained mutation: You are dopey. (Int -2) [a cacodemon]
 50609 | Pan      | Identified the +0 robe of Hehazaf {*Corrode rElec SInv
                  | Stlth+}
 50834 | Pan      | Identified the +3 tower shield "Tahenuh" {Regen+ MP+9
                  | Int+2}
 50835 | Pan      | Found a glowing silver altar of Zin.
 50979 | Pan      | Found a white marble altar of Elyvilon.
 51487 | Pan      | Entered the realm of Lom Lobon.
 51632 | Pan      | Noticed Lom Lobon
 51638 | Pan      | Killed Lom Lobon
 51720 | Pan      | Got a magical rune of Zot
 51856 | Pan      | Noticed Goanahun the pandemonium lord
 51859 | Pan      | Entered the realm of Gloorx Vloq.
 52243 | Pan      | Noticed Gloorx Vloq
 52249 | Pan      | Killed Gloorx Vloq
 52304 | Pan      | Got a dark rune of Zot
 52419 | Pan      | Found a runed translucent door.
 52424 | Pan      | Found a runed translucent door.
 52426 | Pan      | Found a runed translucent door.
 52430 | Pan      | Noticed Elykemp the pandemonium lord
 52434 | Pan      | Killed Elykemp the pandemonium lord
 52476 | Pan      | Found a runed translucent door.
 52478 | Pan      | Found an exit through the horrors of the Abyss.
 52531 | Pan      | Entered the realm of Cerebov.
 52915 | Pan      | Found the +6 sword of Cerebov {flame}
 52915 | Pan      | Noticed Cerebov
 52954 | Pan      | Killed Cerebov
 53026 | Pan      | Identified the +2 robe "Fucaottips" {Int+5}
 53026 | Pan      | Identified the ring "Lomotur" {Wiz Dex+7}
 53055 | Pan      | Identified the ring of Jathroc {Wiz Str+5 Dex-2}
 53064 | Pan      | Identified the staff "Pykhlurgh" {rElec rN+ Str+3 Necro}
 53110 | Pan      | Identified the +6 great mace of the Skies Above {antimagic,
                  | rPois Will+ Str+4 Int+4 Dex-5}
 53163 | Pan      | Got a fiery rune of Zot
 53695 | Pan      | Noticed Bis Foli the pandemonium lord
 53698 | Pan      | Killed Bis Foli the pandemonium lord
 53736 | Pan      | Noticed Jaruf the pandemonium lord
 53741 | Pan      | Killed Jaruf the pandemonium lord
 53937 | Pan      | Noticed Ignacio
 53941 | Pan      | Killed Ignacio
 53955 | Pan      | Identified the +1 lajatang of Turmoil {freeze, rN+ Will-
                  | Dex+2}
 54012 | Pan      | Found an exit through the horrors of the Abyss.
 54049 | Pan      | Took an exit into the Abyss.
 54049 | Abyss:4  | Escaped into the Abyss
 54055 | Depths:3 | Escaped the Abyss
 54117 | Hell     | Entered the Vestibule of Hell
 54117 | Hell     | Noticed Geryon
 54124 | Hell     | Killed Geryon
 54165 | Hell     | Found a gateway to the Iron City of Dis.
 54176 | Dis:1    | Entered Level 1 of the Iron City of Dis
 54652 | Dis:5    | Noticed a dread lich
 54663 | Dis:5    | Killed a dread lich
 54703 | Dis:6    | Reached skill level 27 in Invocations
 54859 | Dis:7    | Entered Level 7 of the Iron City of Dis
 55403 | Dis:7    | Noticed a juggernaut
 55407 | Dis:7    | Killed a juggernaut
 55439 | Dis:7    | Found the +8 lance "Wyrmbane" {slay drac, rPois rF+ rC+
                  | AC+3}
 55443 | Dis:7    | Identified the +1 pair of gloves of Monotheism {rC+ Will+
                  | Stlth+}
 55445 | Dis:7    | Identified the +1 pair of gloves "Naeheaf" {Regen+}
 56475 | Dis:7    | Noticed Dispater
 56476 | Dis:7    | Noticed a juggernaut
 56504 | Dis:7    | Identified the +0 tower shield of Purpose {Rampage}
 56516 | Dis:7    | Killed a juggernaut
 56518 | Dis:7    | Killed Dispater
 56600 | Dis:7    | Got an iron rune of Zot
 56601 | Dis:7    | Identified the +5 dagger of Cuger {drain, rPois Will+
                  | Dex-3}
 56846 | Hell     | Found a gateway to the ashen valley of Gehenna.
 56923 | Geh:1    | Entered Level 1 of Gehenna
 57482 | Geh:6    | Noticed an ancient lich
 57488 | Geh:6    | Killed an ancient lich
 57493 | Geh:7    | Entered Level 7 of Gehenna
 58298 | Geh:7    | Reached skill level 27 in Fighting
 58422 | Geh:7    | Found the +13 sceptre of Asmodeus
 58422 | Geh:7    | Noticed Asmodeus
 58427 | Geh:7    | Killed Asmodeus
 58494 | Geh:7    | Found the amulet of the Four Winds {rN+ Will+++ Clar}
 58518 | Geh:7    | Found the +11 plutonium sword {Contam Stlth-}
 58548 | Geh:7    | Identified the +10 quarterstaff of Ibrer {vamp, Drain rElec
                  | Str+8}
 58565 | Geh:7    | Identified the ring of Vamiakig {Wiz SInv}
 58568 | Geh:7    | Identified the +1 ring mail "Iwyungod" {+Blink rN+ Str+3
                  | Int+3}
 58584 | Geh:7    | Got an obsidian rune of Zot
 58590 | Geh:7    | Identified the +5 orcbow of Winter {heavy, Fly rN+ Int-5}
 58810 | Hell     | Found a gateway to the decaying netherworld of Tartarus.
 58827 | Tar:1    | Entered Level 1 of Tartarus
 59058 | Tar:3    | Reached skill level 15 in Shields
 59606 | Tar:6    | Reached skill level 1 in Staves
 59750 | Tar:7    | Entered Level 7 of Tartarus
 60117 | Tar:7    | Reached skill level 5 in Staves
 60131 | Tar:7    | Found the +6 lightning scales {swift, rElec}
 60222 | Tar:7    | Identified the ring of Deots {Fire Str+3 Stlth+}
 60540 | Tar:7    | Noticed Ereshkigal
 60540 | Tar:7    | Noticed a dread lich
 60542 | Tar:7    | Killed a dread lich
 60544 | Tar:7    | Killed Ereshkigal
 60579 | Tar:7    | Identified the +6 orcbow of Vaazurph {heavy, Fragile rPois
                  | Will+ rCorr}
 60590 | Tar:7    | Got a bone rune of Zot
 60592 | Tar:7    | Identified the +1 ring mail "Wein" {rElec MP-9 Str+8 Int-4}
 61008 | Hell     | Found a gateway to the freezing wastes of Cocytus.
 61031 | Coc:1    | Entered Level 1 of Cocytus
 61052 | Coc:2    | Reached skill level 10 in Staves
 61914 | Coc:6    | Noticed a shard shrike
 61917 | Coc:6    | Noticed a shard shrike
 61918 | Coc:6    | Killed a shard shrike
 61919 | Coc:6    | Noticed a shard shrike
 61920 | Coc:6    | Noticed a shard shrike
 61922 | Coc:6    | Killed a shard shrike
 61923 | Coc:6    | Killed a shard shrike
 61923 | Coc:6    | Killed a shard shrike
 62248 | Coc:7    | Entered Level 7 of Cocytus
 62288 | Coc:7    | Noticed a shard shrike
 62289 | Coc:7    | Noticed a shard shrike
 62291 | Coc:7    | Killed a shard shrike
 62294 | Coc:7    | Killed a shard shrike
 62347 | Coc:7    | Noticed the Serpent of Hell
 62350 | Coc:7    | Killed the Serpent of Hell
 62419 | Coc:7    | Noticed a shard shrike
 62489 | Coc:7    | Noticed a shard shrike
 62490 | Coc:7    | Noticed a shard shrike
 62490 | Coc:7    | Noticed a shard shrike
 62491 | Coc:7    | Noticed a shard shrike
 62492 | Coc:7    | Killed a shard shrike
 62493 | Coc:7    | Killed a shard shrike
 62493 | Coc:7    | Killed a shard shrike
 62495 | Coc:7    | Killed a shard shrike
 62503 | Coc:7    | Noticed a shard shrike
 62506 | Coc:7    | Killed a shard shrike
 62852 | Coc:7    | Noticed a shard shrike
 62854 | Coc:7    | Killed a shard shrike
 62858 | Coc:7    | Killed a shard shrike
 63263 | Coc:7    | Noticed a shard shrike
 63263 | Coc:7    | Noticed Antaeus
 63263 | Coc:7    | Noticed a shard shrike
 63264 | Coc:7    | Killed a shard shrike
 63264 | Coc:7    | Killed a shard shrike
 63273 | Coc:7    | Killed Antaeus
 63372 | Coc:7    | Got an icy rune of Zot
 63735 | Crypt:1  | Entered Level 1 of the Crypt
 64442 | Zot:5    | Got the Orb of Zot
 64638 | Depths:3 | Noticed Asuochada the pandemonium lord
 64639 | Depths:3 | Killed Asuochada the pandemonium lord
 64969 | Crypt:3  | Entered Level 3 of the Crypt
 64969 | Crypt:3  | Identified the staff "Afuhim" {rF++ rC+ rCorr MP+9 Ice}
 64969 | Crypt:3  | Identified the ring of Muwn {Ice rPois}
 64969 | Crypt:3  | Noticed Josephina
 64970 | Crypt:3  | Killed Josephina
 65042 | Crypt:3  | Found a basalt altar of Yredelemnul.
 65042 | Crypt:3  | Noticed Akagoomn the pandemonium lord
 65042 | Crypt:3  | Noticed Boris
 65045 | Crypt:3  | Killed Akagoomn the pandemonium lord
 65045 | Crypt:3  | Killed Boris
 65060 | Crypt:3  | Noticed a seraph
 65067 | Crypt:3  | Killed a seraph
 65105 | Crypt:3  | Found a staircase to the Tomb.
 65105 | Crypt:3  | Noticed Khufu
 65108 | Crypt:3  | Killed Khufu
 65131 | Tomb:1   | Entered Level 1 of the Tomb of the Ancients
 65361 | Tomb:1   | Noticed a royal mummy
 65361 | Tomb:1   | Noticed a royal mummy
 65365 | Tomb:1   | Killed a royal mummy
 65365 | Tomb:1   | Killed a royal mummy
 65403 | Tomb:1   | Noticed Fuqenuku the pandemonium lord
 65404 | Tomb:1   | Killed Fuqenuku the pandemonium lord
 65537 | Tomb:2   | Noticed a royal mummy
 65542 | Tomb:2   | Noticed a royal mummy
 65548 | Tomb:2   | Noticed a royal mummy
 65549 | Tomb:2   | Killed a royal mummy
 65758 | Tomb:1   | Noticed a royal mummy
 65761 | Tomb:1   | Killed a royal mummy
 65779 | Tomb:2   | Noticed a royal mummy
 65786 | Tomb:2   | Killed a royal mummy
 65834 | Tomb:2   | Killed a royal mummy
 65921 | Tomb:2   | Noticed Mescho Jowaca the pandemonium lord
 65925 | Tomb:2   | Killed Mescho Jowaca the pandemonium lord
 66007 | Tomb:2   | Killed a royal mummy
 66087 | Tomb:2   | Noticed Jishruite the pandemonium lord
 66091 | Tomb:2   | Killed Jishruite the pandemonium lord
 66115 | Tomb:2   | Noticed Fouralop the pandemonium lord
 66116 | Tomb:2   | Noticed an ancient lich
 66118 | Tomb:2   | Killed Fouralop the pandemonium lord
 66118 | Tomb:2   | Killed an ancient lich
 66159 | Tomb:2   | Noticed Iniwipn the pandemonium lord
 66204 | Tomb:2   | Killed Iniwipn the pandemonium lord
 66204 | Tomb:2   | HP: 10/250 [something (9)]
 66215 | Tomb:2   | Reached skill level 27 in Dodging
 66374 | Tomb:1   | Noticed a royal mummy
 66379 | Tomb:1   | Killed a royal mummy
 66386 | Tomb:1   | Noticed a royal mummy
 66388 | Tomb:1   | Noticed a royal mummy
 66389 | Tomb:1   | Killed a royal mummy
 66391 | Tomb:1   | Noticed a royal mummy
 66394 | Tomb:1   | Killed a royal mummy
 66396 | Tomb:1   | Killed a royal mummy
 66484 | Tomb:1   | Noticed a royal mummy
 66488 | Tomb:1   | Killed a royal mummy
 66491 | Tomb:1   | Noticed a royal mummy
 66497 | Tomb:1   | Killed a royal mummy
 66586 | Tomb:1   | Noticed a royal mummy
 66594 | Tomb:1   | Killed a royal mummy
 66641 | Tomb:1   | Noticed a royal mummy
 66646 | Tomb:1   | Killed a royal mummy
 66686 | Tomb:1   | Noticed a royal mummy
 66690 | Tomb:1   | Killed a royal mummy
 66690 | Tomb:1   | Noticed a royal mummy
 66723 | Tomb:1   | Killed a royal mummy
 66797 | Tomb:1   | Noticed a royal mummy
 66799 | Tomb:1   | Noticed a royal mummy
 66801 | Tomb:1   | Killed a royal mummy
 66804 | Tomb:1   | Killed a royal mummy
 66804 | Tomb:1   | Noticed a royal mummy
 66809 | Tomb:1   | Killed a royal mummy
 66910 | Tomb:1   | Noticed a royal mummy
 66914 | Tomb:1   | Killed a royal mummy
 66924 | Tomb:1   | Noticed a royal mummy
 66929 | Tomb:1   | Killed a royal mummy
 67126 | Tomb:3   | Entered Level 3 of the Tomb of the Ancients
 67130 | Tomb:3   | Acquired the amulet of Hard Scrabble {Acrobat Harm rF++
                  | Int-3 Slay+3}
 67147 | Tomb:3   | Noticed a royal mummy
 67147 | Tomb:3   | Noticed a royal mummy
 67156 | Tomb:3   | Noticed a royal mummy
 67159 | Tomb:3   | Noticed a royal mummy
 67163 | Tomb:3   | Killed a royal mummy
 67164 | Tomb:3   | Killed a royal mummy
 67176 | Tomb:3   | Noticed a royal mummy
 67177 | Tomb:3   | Killed a royal mummy
 67179 | Tomb:3   | Noticed a royal mummy
 67182 | Tomb:3   | Killed a royal mummy
 67183 | Tomb:3   | Killed a royal mummy
 67185 | Tomb:3   | Killed a royal mummy
 67245 | Tomb:3   | Noticed a royal mummy
 67247 | Tomb:3   | Noticed Higif the pandemonium lord
 67251 | Tomb:3   | Killed a royal mummy
 67251 | Tomb:3   | Killed Higif the pandemonium lord
 67308 | Tomb:3   | Noticed a royal mummy
 67320 | Tomb:3   | Killed a royal mummy
 67360 | Tomb:3   | Got a golden rune of Zot
 67381 | Tomb:3   | Noticed a royal mummy
 67387 | Tomb:3   | Killed a royal mummy
 67737 | Tomb:3   | Noticed Doxzoq the pandemonium lord
 67740 | Tomb:3   | Killed Doxzoq the pandemonium lord
 67822 | Tomb:3   | Identified the orb of Niufucom {*channel, rF+}
 67937 | Tomb:1   | Reached skill level 27 in Shields
 68024 | Crypt:3  | Identified the +0 tower shield of Leapfrog {Str-3 Int+4
                  | SInv}
 68024 | Crypt:3  | Noticed Mennas
 68045 | Crypt:3  | Killed Mennas
 68102 | Crypt:1  | Noticed a seraph
 68107 | Crypt:1  | Killed a seraph
 68108 | Crypt:1  | Reached skill level 10 in Evocations
 68416 | D:4      | Noticed a seraph
 68471 | D:1      | gg
 68472 | D:$      | Escaped with the Orb!

Illustrated notes

.............#####.....##.......#
..........#..#.........##########
..................#'#'## ##
.............#..###.#.##########.
.........#..........#............
.........#######################.
.........# ##...# #.....# #..
#.....##.# ###..8.# #.###.# #..
#........# #.'..@.# #.....# #..
#...####.# #.#..8.# ###.### #..
#...# #.# #.##...# #'# #.. ....#
#.###.###########.######.. ...##
#......................... ..##
#.##'#####.########.####.. ..#
#.#...####'########.####.. ..#
#.#...#.......##..#.#..#.# ..#
#.#...##..>..####.#'#.##.#


Turn 68471 on D:1: gg

Levels and vault maps discovered:
D:1:      dpeg_arrival_renting, layout_basic, shapermc_ecumenical_altar_pompeii,
          chequers_serial_rivers_small_b, hangedman_decor_growths
D:2:      layout_basic, minmay_pentomino_pile
D:3:      layout_loops_corners, kennysheep_okawaru_gauntlet, serial_shops,
          nicolae_shop_waterfront
D:4:      layout_basic, kennysheep_mini, lemuel_round_altar,
          nicolae_concentric_dashed_squares_mild, uniq_duvessa
D:5:      layout_basic, minmay_gold_behind_fungi
D:6:      layout_cave_pools, nicolae_uskayaw_dance_hall,
          chequers_temple_overflow_statue_of_worship,
          minmay_temple_entry_gardened_gates, serial_shops, shop, serial_rivers,
          chequers_serial_rivers_small_3, chequers_serial_rivers_micro_e,
          chequers_serial_rivers_large_a, chequers_serial_rivers_micro_a,
          nicolae_shop_fire_sale [nicolae_sub_dead_trees]
D:7:      kennysheep_big_flooded_room, layout_cave_pools, serial_column_ruins,
          column_ruins_corridor_straight, column_ruins_open_tiny,
          column_ruins_columns_water, column_ruins_columns_straight,
          nrook_campfire
D:8:      layout_gridville, lair_entry_dummy, enter_bailey_3, minmay_bent
D:9:      cheibrodos_wizards_tower, layout_basic, uniq_maurice,
          uniq_prince_ribbit1
D:10:     layout_basic, fedhas_altar_3, tgw_kikubaaqudgha,
          kennysheep_generic_room_5
D:11:     layout_stronghold, orc_0_dummy, serial_rivers,
          chequers_serial_rivers_micro_c, chequers_serial_rivers_micro_e,
          chequers_serial_rivers_small_a, chequers_serial_rivers_small_3,
          chequers_serial_rivers_micro_e, chequers_serial_rivers_small_3
D:12:     layout_basic, wad_rectangle_vault
D:13:     layout_basic
D:14:     layout_loops_cross, hellmonk_vaults_attempted_burglary,
          chequers_serial_rivers_small_3
D:15:     hellmonk_depths_entry_around_the_bend, layout_basic, serial_shops,
          bzr_entry_dummy, nicolae_elyvilon_temple_path, uniq_roxanne
Temple:   oiseaux_autumnal_temple
Lair:1:   layout_regular_city, gammafunk_ghost_ooze, grunt_megastairs_3,
          uniq_harold
Lair:2:   layout_regular_city, st_stairs_13, pdpol_lair_neglected_garden,
          infiniplex_staircase_pool, grunt_megastairs_4, serial_bayou_shore_b
Lair:3:   layout_gridlike, minmay_swamp_entry_swarm,
          minmay_snake_entry_guardpost_small, lemuel_fruit_fields
Lair:4:   layout_cave_pods, grunt_megastairs_2, serial_bayou_shore_a
Lair:5:   grunt_lair_end_beastmaster, layout_long_grid, slime_entry_2,
          small_statue_intersection, pdpol_lair_cavern_descent, uniq_rupert,
          uniq_nessos
Swamp:1:  layout_falls_marsh, lemuel_altar_in_water
Swamp:2:  layout_falls_marsh, roderic_carrion_pond
Swamp:3:  layout_basic_swamp, hangedman_swamp_lotus
Swamp:4:  swamp_vile, layout_basic_swamp
Snake:1:  layout_onion_interference, library_closet
Snake:2:  layout_grid_maze, basic_altar, nrook_guardian_serpent_double,
          lemuel_fruit_tree
Snake:3:  layout_misc_corridors, minmay_shoptagon, uniq_azrael
Snake:4:  snake_pit_salamanders_mu, layout_cave_shapes
Slime:1:  layout_caves, cheibrodos_slime_lost_civilization_7
Slime:2:  layout_caves
Slime:3:  layout_caves
Slime:4:  layout_caves
Slime:5:  slime_pit
Orc:1:    layout_caves, serial_shops, nicolae_book_shop_shelving, shop,
          uniq_erolcha
Orc:2:    hellmonk_orc_salted, layout_diamond_mine, enter_volcano_2,
          serial_shops, shop, mines2_david
Elf:1:    eino_elf_arrival_the_gate, layout_geoelf_octagon,
          hangedman_elven_crosses_minicolossus, lemuel_flamethrower_hall
Elf:2:    nicolae_elf_blades_crystal_corner, layout_loops_corners, serial_shops,
          nicolae_lakefront_shop, shop, nicolae_shop_tiny_real_fake_doors,
          st_stairs_12, uniq_jorgrun
Elf:3:    minmay_elf_hall_spiked, layout_geoelf_diagonals,
          nicolae_gammafunk_elf_defective_weapons_storage, uniq_aizul,
          uniq_zenata, uniq_louise, uniq_donald
Vaults:1: nicolae_vaults_tangram_2, hangedman_vaults_capsules,
          nicolae_vaults_storage_closets_1, v_misc_18,
          nicolae_vaults_ring_of_whatevers, v_pattern_1,
          nicolae_vaults_border_crossing, grunt_vaults_trifunnel,
          nicolae_vaults_double_plus_1, nicolae_vaults_trapezoid_3,
          nicolae_vaults_diamond_1, nicolae_vaults_little_ls,
          nicolae_vaults_diamond_2, nicolae_vaults_shipping_containers_4,
          layout_vaults_omnigrid
Vaults:2: vaults_room_fours, v_misc_4, nicolae_vaults_ellipses_ellipsis,
          hangedman_vaults_snaps, v_misc_27, hangedman_vaults_restitches,
          nicolae_vaults_tetromino_T_2, vaults_room_pool,
          nicolae_vaults_trapezoid_1, nicolae_vaults_tetromino_Z_2, v_misc_23,
          layout_vaults_maze_snakey, serial_shops, nicolae_shop_waterfront
Vaults:3: v_misc_15, vaults_room_corners, minmay_crypt_entry_necro_gods,
          v_misc_10, v_misc_27, v_misc_15,
          nicolae_vaults_storing_the_good_stuff, v_misc_15, v_alt_pattern_3,
          v_misc_33, nicolae_vaults_tetromino_Z_2, nicolae_vaults_big_ls,
          nicolae_vaults_closet_pinwheel_4, vaults_room_stairs_pillars,
          nicolae_vaults_diamond_1, layout_vaults_omnibox, uniq_jory,
          uniq_boris, uniq_frederick
Vaults:4: nicolae_vaults_meiosis, nicolae_vaults_surprise_closet,
          nicolae_vaults_rhombus_5, nicolae_vaults_stairing_the_circle,
          st_lines, nicolae_vaults_yaktaur_gun_rack,
          nicolae_vaults_oval_intersection, v_misc_12,
          ontoclasm_vaults_misaligned, nicolae_vaults_diamond_2,
          ontoclasm_vaults_ligature, layout_vaults_omnicross, serial_shops, shop
Vaults:5: uniq_margery
Crypt:1:  layout_basic, grunt_crypt_arrival_split, grunt_megastairs_1
Crypt:2:  layout_rooms
Crypt:3:  grunt_crypt_end_deaths_head, uniq_josephina, uniq_mennas
Tomb:1
Tomb:2
Tomb:3
Depths:1: layout_gridlike, enter_ziggurat_b, serial_sigils_hangedman_confine,
          nicolae_abyss_entry_one_way_or_another, hell_entry,
          nicolae_concentric_dashed_squares_wild, grunt_qazlal_clouds,
          serial_bayou_shore_b, uniq_saint_roka
Depths:2: hangedman_slaughterboxes, pan_entry, hell_entry
Depths:3: nzn_winding_woodlands_cross [nzn_winding_woodlands_5x15_twine,
          nzn_winding_woodlands_5x15_parted,
          nzn_winding_woodlands_5x15_longhouse,
          nzn_winding_woodlands_5x15_sidewinder,
          nzn_winding_woodlands_15x15_five_gardens], layout_cave_pools,
          rand_demon_pan_entry_4, kennysheep_another_room, grunt_mini_vestibule,
          abyss_entry
Depths:4: grunt_twist_and_shout, layout_honeycomb, hell_entry,
          ashenzari_conservatory_becter, uniq_sojobo
Hell
Dis:1:    layout_subdivisions, evilmike_ambush [evilmike_ambush_outer_doors,
          evilmike_ambush_inner_basic]
Dis:2:    layout_gridville
Dis:3:    layout_gridville
Dis:4:    nicolae_dis_heavy_handed_symbolism
Dis:5:    layout_subdivisions, minmay_strange_pillars
Dis:6:    layout_subdivisions, nicolae_dis_emergency_hatch
Dis:7:    dis_st
Geh:1:    layout_gehenna_pools_box
Geh:2:    layout_gehenna_lava_caves
Geh:3:    layout_gehenna_pools_box, nicolae_geh_isolated_escape
Geh:4:    layout_gehenna_pools_triple
Geh:5:    layout_gehenna_lava_caves
Geh:6:    layout_gehenna_pools_box
Geh:7:    geh_mu
Coc:1:    layout_cocytus_delve
Coc:2:    nicolae_hells_giants_party, layout_cocytus_water_paths
Coc:3:    layout_ice_bergs
Coc:4:    layout_cocytus_water_paths
Coc:5:    nicolae_coc_hellspring, layout_ice_bergs
Coc:6:    layout_ice_bergs
Coc:7:    coc_dpeg
Tar:1:    layout_grid_maze
Tar:2:    layout_cathedral_of_symmetry, nicolae_tar_cuneiform_bird
Tar:3:    layout_grid_maze, lemuel_nasty_fountain
Tar:4:    layout_cathedral_of_symmetry
Tar:5:    layout_cathedral_of_symmetry
Tar:6:    layout_grid_maze
Tar:7:    tar_minmay_river
Zot:1:    layout_cathedral_of_symmetry
Zot:2:    layout_basic, evilmike_ambush [evilmike_ambush_outer_corners,
          evilmike_ambush_inner_basic]
Zot:3:    layout_twisted_circle, gammafunk_ghost_cemetery, uniq_tiamat
Zot:4:    layout_basic
Zot:5:    layout_misc_corridors

Skill      XL: |  1  2  3  4  5  6  7  8  9 10 11 12 13 14 15 16 17 18 19 20 21 22 23 24 25 26 27 |
---------------+----------------------------------------------------------------------------------+-----
Spellcasting   | 4 5 6 8 10 12 13 15 16 18 19 20 21 22 27 | 27.0
Conjurations   | 4 5 6 8 10 12 13 15 16 18 19 20 21 22 27 | 27.0
Hexes          | 4 5 6 8 10 12 13 15 16 18 19 20 21 22 27 | 27.0
Summonings     | 4 5 6 8 10 12 13 15 16 18 19 20 21 22 27 | 27.0
Necromancy     | 4 5 6 8 10 12 13 15 16 18 19 20 21 22 27 | 27.0
Translocations | 4 5 6 8 10 12 13 15 16 18 19 20 21 22 27 | 27.0
Transmutations | 4 5 6 8 10 12 13 15 16 18 19 20 21 22 27 | 27.0
Fire Magic     | 4 5 6 8 10 12 13 15 16 18 19 20 22 25 27 | 27.0
Ice Magic      | 4 5 6 8 10 12 13 15 16 18 19 20 21 22 27 | 27.0
Air Magic      | 4 5 6 8 10 12 13 15 16 18 19 20 21 22 27 | 27.0
Earth Magic    | 4 5 6 8 10 12 13 15 16 18 19 20 21 22 27 | 27.0
Poison Magic   | 4 5 6 8 10 12 13 15 16 18 19 20 21 22 27 | 27.0
Fighting       | 1 2 6 9 10 11 13 14 15 17 18 27 | 27.0
Shields        | 5 7 10 27 | 27.0
Dodging        | 6 10 11 13 14 16 18 19 27 | 27.0
Invocations    | 6 9 10 12 16 19 20 27 | 27.0
Evocations     | 6 8 11 | 11.4
Staves         | 14 | 14.0
Stealth        | |  1.5

Action                     |  1- 3 |  4- 6 |  7- 9 | 10-12 | 13-15 | 16-18 | 19-21 | 22-24 | 25-27 || total
---------------------------+-------+-------+-------+-------+-------+-------+-------+-------+-------++-------
  Melee: Unarmed           |     1 |       |       |       |       |       |       |       |       ||     1
         Staff             |       |       |     1 |     1 |     8 |     5 |     7 |       |    81 ||   103
   Cast: Shock             |    58 |    66 |   183 |    76 |    10 |       |       |       |       ||   393
         Airstrike         |       |     8 |    33 |   200 |   496 |   896 |   863 |   397 |   130 ||  3023
         Static Discharge  |       |       |       |     7 |    28 |    18 |       |       |       ||    53
         Slow              |       |       |       |     2 |       |       |       |       |       ||     2
         Swiftness         |       |       |       |     1 |       |     1 |       |       |       ||     2
         Freezing Cloud    |       |       |       |       |     4 |    12 |     6 |     1 |     1 ||    24
         Dispersal         |       |       |       |       |    26 |    28 |     5 |     7 |     9 ||    75
         Conjure Ball Ligh |       |       |       |       |       |     3 |     4 |       |     2 ||     9
         Monstrous Menager |       |       |       |       |       |       |    72 |    75 |     3 ||   150
         Lehudib's Crystal |       |       |       |       |       |       |       |   249 |  2177 ||  2426
         Chain Lightning   |       |       |       |       |       |       |       |       |   212 ||   212
         Fire Storm        |       |       |       |       |       |       |       |       |    90 ||    90
         Manifold Assault  |       |       |       |       |       |       |       |       |     1 ||     1
 Invoke: Summon Divine War |       |       |       |       |       |     1 |       |       |     4 ||     5
         Cleansing Flame   |       |       |       |       |       |       |       |       |     1 ||     1
  Evoke: Wand              |       |       |       |     1 |     2 |     1 |       |     4 |     1 ||     9
         Phantom mirror    |       |       |       |       |       |       |       |     1 |       ||     1
    Use: Scroll            |       |     3 |     6 |     7 |    15 |    10 |     8 |     3 |    18 ||    70
         Potion            |       |     1 |       |     3 |     5 |     5 |     2 |     3 |    26 ||    45
 Armour: Robe              |     6 |       |    25 |       |       |       |       |       |       ||    31
         Steam dragon scal |       |       |     8 |    22 |       |       |       |       |       ||    30
         Troll leather arm |       |       |       |    13 |   104 |   160 |       |       |       ||   277
         Leather armour    |       |       |       |       |       |   125 |   209 |   161 |   836 ||  1331
         Skin              |       |       |       |       |       |       |       |       |    20 ||    20
  Dodge: Dodged            |    11 |     3 |    29 |    15 |    81 |   275 |   219 |   188 |   841 ||  1662
  Block: Kite shield       |       |       |     3 |    16 |    54 |   119 |   149 |   119 |   618 ||  1078

Table legend: (Time is in decaauts)
 A = Elapsed time spent in this place.
 B = Non-inter-level travel time spent in this place.
 C = Inter-level travel time spent in this place.
 D = Time resting spent in this place.
 E = Time spent auto-exploring this place.
 F = Levels seen in this place.
 G = Mean time per level.
                   A        B        C        D        E       F      G
               +--------+--------+--------+--------+--------+-----+--------+
         Total |  68548 |  61231 |   7317 |   8920 |  32778 | 124 |  552.8 |
       Dungeon |  14574 |  11828 |   2746 |   1395 |   8207 |  15 |  971.6 |
        Temple |     40 |      6 |     34 |      0 |      0 |   1 |   40.0 |
          Lair |   5452 |   4850 |    602 |    519 |   3344 |   5 | 1090.4 |
         Swamp |   2153 |   2036 |    117 |     68 |   1437 |   4 |  538.2 |
     Snake Pit |   3871 |   3683 |    188 |    297 |   2651 |   4 |  967.8 |
    Slime Pits |    990 |    940 |     50 |    141 |    211 |   5 |  198.0 |
  Orcish Mines |   1641 |   1401 |    240 |    138 |    846 |   2 |  820.5 |
   Elven Halls |   3075 |   2837 |    238 |    285 |   1674 |   3 | 1025.0 |
        Vaults |   7134 |   6347 |    787 |    838 |   3619 |   5 | 1426.8 |
         Crypt |    606 |    473 |    133 |     41 |     90 |   3 |  202.0 |
          Tomb |   2891 |   2819 |     72 |   1093 |    372 |   3 |  963.7 |
        Depths |   5352 |   4357 |    995 |    637 |   2529 |   4 | 1338.0 |
          Hell |    504 |    465 |     39 |    197 |      0 |   1 |  504.0 |
           Dis |   2633 |   2515 |    118 |    655 |   1093 |   7 |  376.1 |
       Gehenna |   1850 |   1667 |    183 |    186 |    824 |   7 |  264.3 |
       Cocytus |   2337 |   2274 |     63 |    664 |    810 |   7 |  333.9 |
      Tartarus |   2003 |   1828 |    175 |    543 |    442 |   7 |  286.1 |
           Zot |   4910 |   4376 |    534 |    454 |   2748 |   5 |  982.0 |
         Abyss |   1249 |   1249 |      0 |    295 |     54 |   5 |  249.8 |
   Pandemonium |   4561 |   4561 |      0 |    366 |   1522 |  28 |  162.9 |
        Bazaar |     90 |     90 |      0 |     37 |     23 |   1 |   90.0 |
        Bailey |    295 |    295 |      0 |     49 |     89 |   1 |  295.0 |
       Volcano |    326 |    326 |      0 |     19 |    193 |   1 |  326.0 |
               +--------+--------+--------+--------+--------+-----+--------+

Top non-repeatable levels by time:
   Dis:7: 1951 daAuts
Vaults:1: 1810 daAuts
Depths:2: 1682 daAuts
  Lair:5: 1635 daAuts
Vaults:3: 1591 daAuts
   Elf:3: 1537 daAuts
    D:11: 1449 daAuts
    D:15: 1409 daAuts
Depths:3: 1370 daAuts
Vaults:5: 1353 daAuts
   Orc:2: 1294 daAuts
   Geh:7: 1280 daAuts
Vaults:4: 1280 daAuts
  Tomb:1: 1257 daAuts
 Snake:4: 1252 daAuts
